 Dungeon Crawl Stone Soup version 0.30-a0-651-g0755cc6dcf (webtiles) character file.

Game seed: 8749942129886323459

7909 Decipherer the Cruncher (level 11, -5/97 HPs)
             Began as a Minotaur Berserker on Jan 18, 2023.
             Was an Elder of Trog.
             Slain by a skeletal warrior
             ... wielding a +0 broad axe of distortion
              (24 damage)
             ... on level 10 of the Dungeon.
             The game lasted 00:10:04 (10016 turns).

Decipherer the Cruncher (Minotaur Berserker)       Turns: 10016, Time: 00:10:05

Health: -5/97      AC: 12    Str: 25    XL:     11   Next: 3%
Magic:  10/10      EV: 10    Int: 11    God:    Trog [****..]
Gold:   547        SH:  0    Dex: 11    Spells: 10/10 levels left

rFire   . . .      SeeInvis .    w - +0 quarterstaff (speed)
rCold   . . .      Faith    .    (shield currently unavailable)
rNeg    + . .      Spirit   .    E - +0 chain mail of Chimes {rN+ Int+7 Stlth-}
rPois   +          Reflect  .    (helmet restricted)
rElec   .          Harm     .    (no cloak)
rCorr   +          Rampage  .    (no gloves)
Will    .....                    m - +0 pair of boots Stlth
                                 (no amulet)
HPRegen 0.36/turn                b - ring of resist corrosion
MPRegen 0.12/turn                I - ring of poison resistance

@: on berserk cooldown, slowed, very slow
A: horns 2, retaliatory headbutt
a: Renounce Religion, Berserk, Trog's Hand, Brothers in Arms


You were on level 10 of the Dungeon.
You worshipped Trog.
Trog was greatly pleased with you.
You visited 1 branch of the dungeon, and saw 10 of its levels.
You also visited: Sewer.

You collected 547 gold pieces.

Inventory:

Hand Weapons
 w - a +0 quarterstaff of speed (weapon)
Missiles
 k - 8 poisoned darts (quivered)
 l - 17 boomerangs
Armour
 m - a +0 pair of boots (worn)
 E - the +0 chain mail of Chimes (worn) {rN+ Int+7 Stlth-}
   (You found it on level 6 of the Dungeon)

   Int:       It affects your intelligence (+7).
   rN:        It protects you from negative energy.
   Stlth:     It makes you less stealthy.
Jewellery
 b - a ring of resist corrosion (left hand)
 I - a ring of poison resistance (right hand)
 L - a ring of positive energy
Wands
 F - a wand of roots (10)
 G - a wand of paralysis (14)
 J - a wand of digging (6)
Scrolls
 a - a scroll of torment {unknown}
 d - 3 scrolls of blinking {unknown}
 e - 3 scrolls of vulnerability {unknown}
 g - 2 scrolls of immolation {unknown}
 i - 11 scrolls of identify {unknown}
 n - 6 scrolls of teleportation {unknown}
 o - 2 scrolls of amnesia {unknown}
 p - 2 scrolls of noise {unknown}
 q - 3 scrolls of fog {unknown}
 s - 2 scrolls of fear {unknown}
 t - a scroll of enchant armour {unknown}
 u - a scroll of magic mapping {unknown}
 y - 2 scrolls of enchant weapon {unknown}
 A - a scroll of summoning {unknown}
 B - 2 scrolls of silence {unknown}
 H - a scroll of poison {unknown}
Potions
 c - a potion of berserk rage {unknown}
 f - a potion of degeneration {unknown}
 h - 2 potions of mutation {unknown}
 j - a potion of haste
 r - 2 potions of heal wounds
 v - 6 potions of curing {unknown}
 x - 2 potions of might
 z - 2 potions of cancellation {unknown}
 C - 2 potions of attraction {unknown}
 D - 2 potions of flight {unknown}
 M - a potion of invisibility {unknown}


   Skills:
 + Level 9.1 Fighting
 + Level 7.8(10.2) Polearms
 + Level 10.4(11.5) Staves
 + Level 6.8 Throwing
 + Level 9.1 Armour
 + Level 5.7 Dodging
 + Level 2.4 Stealth


You had 10 spell levels left.
You didn't know any spells.
Your spell library contained the following spells:

 Spells                   Type           Power      Damage    Failure   Level
 Foxfire                  Conj/Fire      0%         2x1d4     88%         1
 Fireball                 Conj/Fire      0%         3d3       100%        5
 Starburst                Conj/Fire      0%         6d3       100%        6


Dungeon Overview and Level Annotations

Branches:
Dungeon (10/15)            Temple (0/1) D:6           Sewer (visited)
   Lair: D:8-11         Orc: D:9-12

Altars:
Makhleb
Nemelex Xobeh
Vehumet
Wu Jian

Shops:
D:1 =[   D:3 *   D:9 :

Portals:
Abyss: D:10

Annotations:
D:10 1 transporter, Caratheodory's ghost, journeyman OpAE


Innate Abilities, Weirdness & Mutations

You have a pair of horns on your head.
You reflexively headbutt those who attack you in melee.


Message History

You see here a ring of resist corrosion.
The raiju barks!
You hear a bellow!
The ynoxinul bellows!
There is a transporter landing site here.
There is a transporter here.
You enter the transporter and appear at another place.
The thrashing horror closely misses you.
The thrashing horror tramples you but does no damage.
A red film seems to cover your vision as you go berserk!
You feel yourself moving faster!
You feel mighty!
You bludgeon the thrashing horror!! You headbutt the thrashing horror!!
The thrashing horror is almost destroyed.
The thrashing horror closely misses you.
You furiously retaliate!
You headbutt the thrashing horror!
You destroy the thrashing horror!
Trog accepts your kill.
Your Armour skill increases to level 9!
You have reached level 11!
You feel a strong urge to attack something.
You feel your anger nearly subside.
You are no longer berserk.
You are exhausted.
You feel yourself slow down.
You see here 16 gold pieces.
The skeletal warrior hits you with a +0 broad axe of distortion!!
Space warps around you.
The small abomination barely misses you.
The small abomination attacks as you move away!
The small abomination hits you!
The skeletal warrior hits you with a +0 broad axe of distortion!
Space warps horribly around you!
The skeletal warrior hits you with a +0 broad axe of distortion.
Space warps around you! The small abomination hits you.
* * * LOW HITPOINT WARNING * * *
You see here 16 gold pieces.
You sock the skeletal warrior!
The skeletal warrior is lightly damaged.
The skeletal warrior hits you with a +0 broad axe of distortion.
* * * LOW HITPOINT WARNING * * *
Space warps horribly around you!!
You die...

..............................#.#
..........................>...#.#
......####.......###..........#.#
....=.#.?###...###)##.........#.#
......##.∩.##..# .#.#.........#.#
.......#..#.#####..##.........#.#
###...##.#...$....##...#..##..#..
.....##.#.#^...#x##....#..##..#'#
.....#..:##....z@#..............#
.....##..#.###.#.###..........))#
......# ..##©###...##...........#
......## .#....##.###...........#
.....##.#.###...##..#..#####....#
.....#.#..#3##..##.##..##.##....#
.#...##.h.#xx#©.#..#....#.......#
.#....####..##..##©#....#.......#
.#.......####....###....#.......#


You could see a skeletal warrior and a small abomination.

Vanquished Creatures
  Josephine (D:10)
  2 two-headed ogres (D:10)
  A thrashing horror (D:10)
  A cyclops (D:9)
  A hornet (D:10)
  Grinder (D:6)
  3 wraiths (D:10)
  A wyvern (D:7)
  A steam dragon (D:7)
  6 yaks (D:8)
  An acid dragon (D:10)
  A water moccasin (D:7)
  4 orc warriors
  3 black bears
  2 sky beasts
  An ice beast (D:6)
  2 ogres (D:5)
  4 centaurs
  A phantom (D:7)
  A kobold brigand (Sewer)
  A necrophage (D:6)
  3 bullfrogs
  3 howler monkeys
  3 hounds
  5 jellies
  A gnoll bouda (D:7)
  2 orc priests
  Jessica (D:3)
  2 iguanas
  13 orc wizards
  13 gnolls
  11 adders
  2 ufetubi
  2 worms
  2 dart slugs
  22 orcs
  7 ball pythons
  6 bats
  12 endoplasms
  6 goblins
  2 hobgoblins
  9 jackals
  3 quokkas
  4 frilled lizards
  7 kobolds
  6 rats
186 creatures vanquished.

Notes
Turn   | Place    | Note
-------+----------+-------------------------------------------
     0 | D:1      | Decipherer the Minotaur Berserker began the quest for the
                  | Orb.
     0 | D:1      | Reached XP level 1. HP: 19/19 MP: 0/0
   133 | D:1      | Reached XP level 2. HP: 27/27 MP: 1/1
   576 | D:1      | Found Femih's Antique Armour Boutique.
   627 | D:1      | Found Mogosm Ocia's Jewellery Emporium.
   884 | D:2      | Reached XP level 3. HP: 33/34 MP: 2/2
   891 | D:2      | Found a burning altar of Makhleb.
  1167 | D:2      | You fall into a shaft and drop 1 floor!
  1366 | D:2      | Found a faded altar of an unknown god.
  1947 | D:3      | Reached XP level 4. HP: 12/41 MP: 3/3
  2117 | D:3      | Found Xuerr's General Store.
  2120 | D:3      | Reached ** piety under Trog
  2121 | D:3      | Reached skill level 5 in Fighting
  2121 | D:3      | Reached skill level 5 in Polearms
  2155 | D:3      | Reached XP level 5. HP: 25/48 MP: 4/4
  2259 | D:3      | Noticed Jessica
  2269 | D:3      | Killed Jessica
  3061 | D:4      | Found a sparkling altar of Nemelex Xobeh.
  3487 | D:4      | Noticed a black bear
  3497 | D:4      | Killed a black bear
  3498 | D:4      | Reached skill level 1 in Stealth
  3498 | D:4      | Reached XP level 6. HP: 46/56 MP: 5/5
  3918 | D:5      | Entered Level 5 of the Dungeon
  3930 | D:5      | Reached XP level 7. HP: 54/62 MP: 6/6
  4241 | D:5      | Reached skill level 1 in Staves
  4401 | D:5      | Found a glowing drain.
  4414 | Sewer    | Entered a sewer
  4588 | Sewer    | Reached *** piety under Trog
  4591 | Sewer    | Reached skill level 2 in Staves
  5057 | D:6      | Found a staircase to the Ecumenical Temple.
  5074 | D:6      | Reached skill level 3 in Staves
  5074 | D:6      | Reached XP level 8. HP: 62/70 MP: 7/7
  5146 | D:6      | Reached skill level 4 in Staves
  5351 | D:6      | Reached skill level 5 in Staves
  5369 | D:6      | Identified the +0 chain mail of Chimes {rN+ Int+7 Stlth-}
  5399 | D:6      | Noticed Grinder
  5406 | D:6      | Killed Grinder
  5407 | D:6      | Reached skill level 6 in Staves
  5743 | D:7      | Reached skill level 5 in Armour
  5907 | D:7      | Reached skill level 7 in Staves
  5907 | D:7      | Reached XP level 9. HP: 78/79 MP: 8/8
  6087 | D:7      | Reached **** piety under Trog
  6635 | D:8      | Reached skill level 8 in Staves
  6635 | D:8      | Reached skill level 5 in Dodging
  6743 | D:8      | Reached skill level 1 in Throwing
  6750 | D:8      | Reached skill level 9 in Staves
  7764 | D:8      | Reached XP level 10. HP: 67/90 MP: 9/9
  7923 | D:8      | Found a radiant altar of Vehumet.
  8103 | D:9      | Found Difiuth's Book Shop.
  8156 | D:9      | Found an ornate altar of the Wu Jian Council.
  8278 | D:9      | Noticed a cyclops
  8289 | D:9      | Killed a cyclops
  8967 | D:10     | Entered Level 10 of the Dungeon
  8972 | D:10     | Noticed Josephine
  8991 | D:10     | Killed Josephine
  8992 | D:10     | Reached skill level 5 in Throwing
  9065 | D:10     | Noticed a two-headed ogre
  9077 | D:10     | Killed a two-headed ogre
  9291 | D:10     | Reached skill level 10 in Staves
  9426 | D:10     | Found a transporter.
  9451 | D:10     | Found a one-way gate to the infinite horrors of the Abyss.
  9451 | D:10     | Noticed Caratheodory's ghost (journeyman OpAE)
  9537 | D:10     | Found a transporter.
  9606 | D:10     | Noticed a two-headed ogre
  9615 | D:10     | Killed a two-headed ogre
  9932 | D:10     | Noticed a thrashing horror
 10000 | D:10     | Noticed a skeletal warrior
 10005 | D:10     | Killed a thrashing horror
 10006 | D:10     | Reached XP level 11. HP: 97/97 MP: 10/10
 10016 | D:10     | Slain by a skeletal warrior

Illustrated notes

Levels and vault maps discovered:
D:1:      dpeg_arrival_arbitrary_c, layout_basic, serial_shops,
          nicolae_shop_statue_plus, nicolae_shop_overgrown_old_shop
D:2:      wander_river, layout_basic, basic_altar,
          shapermc_ecumenical_altar_hornbeckon
D:3:      layout_basic, serial_shops, shop, grunt_ministairs_12,
          serial_bayou_pond_a, uniq_jessica
D:4:      layout_loops_ring, nemelex_xobeh_ov_fountains_minmay,
          chequers_hall_statues_y
D:5:      layout_cave_pools, cheibrodos_sewer_entry_bend, minmay_misc_feat_iff,
          minmay_misc_feat_tiny
D:6:      layout_cave_pools, minmay_temple_entry_statues_pillars, uniq_grinder
D:7:      layout_loops_corners, minmay_misc_feat_rows
D:8:      layout_gridville, lemuel_crystal_altar, serial_glass, glass_columns_b,
          glass_columns_b, glass_columns_a, glass_columns_a, glass_columns_c,
          glass_columns_b
D:9:      layout_basic, mainiacjoe_overflow_tiny_flanked, serial_shops, shop
D:10:     layout_stronghold, gammafunk_ghost_abyssal_escape, uniq_josephine

Skill      XL: |  1  2  3  4  5  6  7  8  9 10 |
---------------+-------------------------------+-----
Fighting       | 4 5 6 7 8 9 |  9.1
Polearms       | 4 5 6 7 |  7.8
Dodging        | 3 4 5 |  5.7
Stealth        | 1 2 |  2.4
Staves         | 3 7 9 10 | 10.4
Armour         | 3 5 7 9 |  9.1
Throwing       | 2 6 |  6.8

Action                   |  1- 3 |  4- 6 |  7- 9 | 10-12 || total
-------------------------+-------+-------+-------+-------++-------
Melee: Spear             |    91 |   102 |       |       ||   193
       Headbutt          |     9 |    17 |    41 |    20 ||    87
       Punch             |       |     1 |       |       ||     1
       Quarterstaff      |       |       |   279 |    99 ||   378
Throw: Dart              |       |       |    78 |    65 ||   143
       Throwing net      |       |       |     2 |       ||     2
       Boomerang         |       |       |       |     4 ||     4
Invok: Berserk           |     4 |     3 |     3 |     3 ||    13
       Trog's Hand       |       |       |     1 |       ||     1
  Use: Potion            |     2 |       |       |       ||     2
 Stab: Sleeping          |     1 |       |       |       ||     1
Armor: Animal skin       |    11 |    17 |     2 |       ||    30
       Chain mail        |       |       |   106 |    47 ||   153
Dodge: Dodged            |    36 |    52 |    93 |    24 ||   205

Table legend: (Time is in decaauts)
 A = Elapsed time spent in this place.
 B = Non-inter-level travel time spent in this place.
 C = Inter-level travel time spent in this place.
 D = Time resting spent in this place.
 E = Time spent auto-exploring this place.
 F = Levels seen in this place.
 G = Mean time per level.
                   A        B        C        D        E       F      G
               +--------+--------+--------+--------+--------+-----+--------+
         Total |   9994 |   9667 |    327 |      0 |   7805 |  11 |  908.5 |
       Dungeon |   9651 |   9324 |    327 |      0 |   7579 |  10 |  965.1 |
         Sewer |    342 |    342 |      0 |      0 |    225 |   1 |  342.0 |
               +--------+--------+--------+--------+--------+-----+--------+

Top non-repeatable levels by time:
     D:8: 1384 daAuts
     D:3: 1181 daAuts
     D:2: 1078 daAuts
    D:10: 1015 daAuts
     D:9: 939 daAuts
     D:7: 918 daAuts
     D:4: 873 daAuts
     D:1: 834 daAuts
     D:5: 776 daAuts
     D:6: 651 daAuts
   Sewer: 342 daAuts
